 Dungeon Crawl Stone Soup version 0.30-a0-777-ga9a30cbeda (webtiles) character file.

Game seed: 543583045233283111

86 Newt the Trooper (level 4, -7/52 (57) HPs)
             Began as a Demonspawn Gladiator on Feb 13, 2023.
             Killed by nerve-wracking pain
             ... invoked by Jessica
              (12 damage)
             ... on level 3 of the Dungeon.
             The game lasted 00:01:22 (1249 turns).

Newt the Trooper (Demonspawn Gladiator)             Turns: 1249, Time: 00:01:23

HP:   -7/52 (57)    AC:  6    Str: 17    XL:     4   Next: 27%
MP:   4/4           EV: 12    Int:  9    God:
Gold: 79            SH:  0    Dex: 14    Spells: 3/3 levels left

rFire   . . .      SeeInvis .    a - +0 rapier
rCold   . . .      Faith    .    (no shield)
rNeg    . . .      Spirit   .    b - +0 leather armour
rPois   .          Reflect  .    c - +0 helmet
rElec   .          Harm     .    (no cloak)
rCorr   .          Rampage  .    (no gloves)
Will    .....                    (no boots) Stlth
                                 (no amulet)
HPRegen 0.28/turn                (no ring)
MPRegen 0.09/turn                (no ring)

@: berserking, drained, very quick
A: slimy green scales 1, foul stench 1, spiny 1
a: no special abilities


You were on level 3 of the Dungeon.
You visited 1 branch of the dungeon, and saw 3 of its levels.

You collected 79 gold pieces.

Inventory:

Hand Weapons
 a - a +0 rapier (weapon)
Missiles
 e - 4 javelins (quivered)
Armour
 b - a +0 leather armour (worn)
 c - a +0 helmet (worn)
Scrolls
 g - a scroll of fear
Potions
 f - a potion of resistance {unknown}
 h - 2 potions of magic
 j - a potion of flight {unknown}
 l - a potion of haste {unknown}


   Skills:
 + Level 4.6 Fighting
 - Level 2.6 Short Blades
 - Level 1.7 Throwing
 - Level 2.6 Dodging


You had 3 spell levels left.
You didn't know any spells.
Your spell library contained the following spells:

 Spells                   Type           Power      Damage    Failure   Level
 Necrotise                Necr           0%         1d4       45%         1
 Hailstorm                Conj/Ice       0%         3d3       83%         3
 Portal Projectile        Hex/Tloc       0%         N/A       83%         3
 Summon Guardian Golem    Hex/Summ       0%         N/A       83%         3
 Tukima's Dance           Hex            0%         N/A       83%         3
 Vampiric Draining        Necr           0%         2d6       83%         3
 Ice Form                 Ice/Tmut       0%         N/A       99%         4
 Summon Ice Beast         Ice/Summ       0%         N/A       99%         4
 Agony                    Necr           0%         N/A       100%        5
 Blade Hands              Tmut           0%         N/A       100%        5
 Summon Mana Viper        Hex/Summ       0%         N/A       100%        5
 Simulacrum               Ice/Necr       0%         N/A       100%        6
 Monstrous Menagerie      Summ           0%         N/A       100%        7
 Orb of Destruction       Conj           0%         9d5       100%        7
 Spellforged Servitor     Conj/Summ      0%         N/A       100%        7


Dungeon Overview and Level Annotations

Branches:
Dungeon (3/15)

Altars:

Annotations:
D:3 Jessica


Innate Abilities, Weirdness & Mutations

You are partially covered in slimy green scales. (AC +2)
You may rarely emit foul miasma when damaged in melee.
You are partially covered in sharp spines.


Message History

You throw a throwing net. The throwing net barely misses Jessica.
Jessica closely misses you.
You closely miss Jessica.
Jessica is moderately wounded.
Jessica gestures wildly while chanting.
Jessica blinks!
The frilled lizard is struck by your spines.
The frilled lizard barely misses you.
Jessica gestures wildly.
You closely miss the frilled lizard.
The frilled lizard is heavily wounded.
Jessica casts a spell at you. Pain shoots through your body!
The frilled lizard is struck by your spines.
You kill the frilled lizard!
Throw: 2 throwing nets
Press: ? - help, Q - select action, (/) - cycle Shift-Dir - straight line, f/p - Jessica
Aim: Jessica, wielding a +2 dagger of draining and wearing a +0 robe (moderately wounded, fast, 60% to hit)
You throw a throwing net. The throwing net barely misses Jessica.
Jessica shouts, "You are a ghastly nuisance!"
Jessica hits you with a +2 dagger of draining.
You feel drained.
Jessica hits you with a +2 dagger of draining.
You feel drained.
Throw: throwing net
Press: ? - help, Q - select action, (/) - cycle Shift-Dir - straight line, f/p - Jessica
Aim: Jessica, wielding a +2 dagger of draining and wearing a +0 robe (lightly wounded, fast, 60% to hit)
You throw a throwing net. The throwing net barely misses Jessica.
Jessica hits you with a +2 dagger of draining.
* * * LOW HITPOINT WARNING * * *
You feel drained.
* * * LOW HITPOINT WARNING * * *
You emit a cloud of foul miasma!
A red film seems to cover your vision as you go berserk!
You feel yourself moving faster!
You feel mighty!
Jessica is engulfed in dark miasma.
Jessica is poisoned.
Jessica seems to slow down.
Jessica casts a spell at you. Pain shoots through your body!
You die...

#.# #.# ###
###.###.. .#
.....#.# .# #...#.#
.# ###...#.#####.#
#.#.#..(........#.#
......†@..#.###.#.#
#.#.##@...#.......#
........####...##
#.(....####..#..##
#####.## #..###..#
#+# ##..#).##
##...## ##.###
#.#.##


You could see Jessica (fast, poisoned, slow).

Vanquished Creatures
  3 adders
  2 dart slugs (D:1)
  4 ball pythons
  3 bats
  8 endoplasms
  A giant cockroach (D:1)
  7 hobgoblins
  4 jackals (D:2)
  5 kobolds
  A quokka (D:2)
  5 frilled lizards
  4 goblins
  A rat (D:1)
48 creatures vanquished.

Notes
Turn   | Place    | Note
-------+----------+-------------------------------------------
     0 | D:1      | Newt the Demonspawn Gladiator began the quest for the Orb.
     0 | D:1      | Reached XP level 1. HP: 16/16 MP: 1/1
    56 | D:1      | Gained mutation: You are partially covered in slimy green
                  | scales. (AC +2) [demonic ancestry]
    56 | D:1      | Reached XP level 2. HP: 21/23 MP: 2/2
   143 | D:1      | Reached skill level 3 in Fighting
   304 | D:1      | Gained mutation: You may rarely emit foul miasma when
                  | damaged in melee. [demonic ancestry]
   304 | D:1      | Reached XP level 3. HP: 28/29 MP: 3/3
   675 | D:2      | Reached skill level 4 in Fighting
   711 | D:2      | Found a faded altar of an unknown god.
   932 | D:2      | Gained mutation: You are partially covered in sharp spines.
                  | [demonic ancestry]
   932 | D:2      | Reached XP level 4. HP: 35/38 MP: 4/4
  1239 | D:3      | Noticed Jessica
  1249 | D:3      | Killed from afar by Jessica

Illustrated notes

Levels and vault maps discovered:
D:1:      amcnicky_arrival_gap_in_the_tavern_cellar, layout_rooms,
          minmay_statues_item
D:2:      layout_loops_ring, shapermc_ecumenical_altar_petra
D:3:      layout_loops_corners, uniq_jessica

Skill      XL: |  1  2  3 |
---------------+----------+-----
Fighting       | 3 4 |  4.6
Short Blades   | |  2.6
Throwing       | |  1.7
Dodging        | |  2.6

Action                     |  1- 3 |  4- 6 || total
---------------------------+-------+-------++-------
  Melee: Rapier            |   129 |    11 ||   140
         Punch             |     2 |       ||     2
  Throw: Throwing net      |       |     3 ||     3
    Use: Scroll            |     3 |     1 ||     4
         Potion            |       |     1 ||     1
   Stab: Sleeping          |     2 |       ||     2
 Armour: Leather armour    |    56 |     3 ||    59
  Dodge: Dodged            |    75 |     7 ||    82

Table legend: (Time is in decaauts)
 A = Elapsed time spent in this place.
 B = Non-inter-level travel time spent in this place.
 C = Inter-level travel time spent in this place.
 D = Time resting spent in this place.
 E = Time spent auto-exploring this place.
 F = Levels seen in this place.
 G = Mean time per level.
                   A        B        C        D        E       F      G
               +--------+--------+--------+--------+--------+-----+--------+
         Total |   1259 |   1215 |     44 |      0 |    904 |   3 |  419.7 |
       Dungeon |   1259 |   1215 |     44 |      0 |    904 |   3 |  419.7 |
               +--------+--------+--------+--------+--------+-----+--------+

Top non-repeatable levels by time:
     D:2: 701 daAuts
     D:1: 479 daAuts
     D:3: 78 daAuts
